 Dungeon Crawl Stone Soup version 0.31-a0-535-g08d4ee9 (webtiles) character file.

Game seed: 16172312495038480958

142 Dorkslayer the Shield-Bearer (level 5, -2/52 HPs)
             Began as a Troll Fighter on Aug 12, 2023.
             Slain by Eustachio
             ... wielding a +1 rapier of electrocution
              (11 damage)
             ... on level 4 of the Dungeon.
             The game lasted 00:05:44 (2078 turns).

Dorkslayer the Shield-Bearer (Troll Fighter)        Turns: 2078, Time: 00:05:45

Health: -2/52      AC:  4    Str: 24    XL:     5   Next: 4%
Magic:  4/4        EV:  9    Int:  4    God:
Gold:   170        SH:  8    Dex: 11    Spells: 4/4 levels left

rFire   . . .        a - +0 flail
rCold   . . .        c - +0 kite shield
rNeg    . . .        b - +0 robe
rPois   .            (helmet restricted)
rElec   .            (no cloak)
rCorr   .            (gloves unavailable)
SInv    .            (boots unavailable)
Will    .....        (no amulet)
Stlth   +            (no ring)
HPRegen 1.08/turn    (no ring)
MPRegen 0.09/turn

%: no passive effects
@: no status effects
A: large, unfitting armour, claws 3, regeneration 1, shaggy fur 1, tough skin 1
a: no special abilities


You were on level 4 of the Dungeon.
You visited 1 branch of the dungeon, and saw 4 of its levels.

You collected 170 gold pieces.

Inventory:

Hand Weapons
 a - a +0 flail (weapon)
Missiles
 g - 11 javelins
 k - 5 boomerangs
Armour
 b - a +0 robe (worn)
 c - a +0 kite shield (worn)
Scrolls
 e - a scroll of revelation
 f - 2 scrolls of fear {unknown}
 h - 2 scrolls of teleportation {unknown}
 i - 4 scrolls of identify {unknown}
 n - a scroll of poison {unknown}
 q - a scroll of vulnerability {unknown}
Potions
 j - a potion of heal wounds {unknown}
 l - a potion of haste
 m - 3 potions of cancellation
 o - a potion of lignification {unknown}
 p - a potion of brilliance {unknown}
 r - a potion of resistance {unknown}


   Skills:
 + Level 2.9 Fighting
 + Level 3.2 Maces & Flails
 + Level 3.0 Dodging
 + Level 0.2 Stealth
 + Level 3.3 Shields


You had 4 spell levels left.
You didn't know any spells.
Your spell library contained the following spells:

 Spells                   Type           Power      Damage    Failure   Level
 Tukima's Dance           Hex            0%         N/A       98%         3
 Passage of Golubria      Tloc           0%         N/A       100%        4
 Yara's Violent Unravell  Hex/Tmut       0%         3d3       100%        5


Dungeon Overview and Level Annotations

Branches:
Dungeon (4/15)
 Temple: D:4-7

Altars:
Cheibriados
Qazlal
Sif Muna
Xom

Shops:
D:3 :

Annotations:
D:4 Eustachio


Innate Abilities, Weirdness & Mutations

You are too large for most types of armour.
You have claws for hands.
Your natural rate of healing is unusually fast.
You are covered in fur. (AC +1)
You have tough skin. (AC +1)


Message History

Eustachio mumbles some strange words.
The quokka bites you but does no damage.
You miss the quokka.
The quokka is lightly wounded.
The quokka barely misses you. The quokka closely misses you.
You hit the quokka.
The quokka is almost dead.
You block the quokka's attack.
The quokka bites you but does no damage.
You closely miss the quokka.
The quokka is almost dead.
You block the quokka's attack.
The white imp shouts, "Scamper home, thou unhinged milk-livered pigeon-egg!"
You thump the quokka!
You kill the quokka!
The quokka's corpse disappears in a puff of smoke!
You sock the rat!
You kill the rat!
The rat's corpse disappears in a puff of smoke!
Eustachio mumbles some strange words.
Eustachio hits you with a +1 rapier of electrocution!
You are electrocuted!!
* * * LOW HITPOINT WARNING * * *
Items here: ††††.
You barely miss Eustachio.
Eustachio is lightly wounded.
Eustachio hits you with a +1 rapier of electrocution.
* * * LOW HITPOINT WARNING * * *
Eustachio hits you with a +1 rapier of electrocution.
* * * LOW HITPOINT WARNING * * *
You hit Eustachio.
Eustachio is lightly wounded.
Eustachio hits you with a +1 rapier of electrocution.
* * * LOW HITPOINT WARNING * * *
You sock Eustachio!
Eustachio is heavily wounded.
Eustachio hits you with a +1 rapier of electrocution.
* * * LOW HITPOINT WARNING * * *
Eustachio hits you but does no damage.
You are electrocuted!
You die...

######..##...(.....###........
####.†....###.........##.......##
#....###### ...................##
..#### .#.................... ###
.####.....####.......## ###
####.....# #.......# ...#
#........####.......# ##.# #.#
##.#.###....# ##.# #@# #.#.##
#..### ...## # ###@# ##.#.#
#....# ##..# >#
#.5r###.#.####.##.## ###.##.#
#..#55..####....#.... .......#
...$##....# #......... #...#..#
..#.. #....####.........
..#.......##. #.................
####.......# #....##...#.......
...##.. ..................


You could see Eustachio, 2 iron imps, a white imp (summoned) and a rat
(summoned).

Vanquished Creatures
  An iguana (D:4)
  An orc wizard (D:3)
  2 adders
  2 worms
  3 dart slugs
  3 orcs (D:3)
  8 ball pythons
  4 endoplasms
  2 giant cockroaches (D:3)
  4 goblins
  5 hobgoblins
  8 jackals
  3 quokkas
  A frilled lizard (D:1)
  5 kobolds
  5 rats
57 creatures vanquished.

Notes
Turn   | Place    | Note
-------+----------+-------------------------------------------
     0 | D:1      | Dorkslayer the Troll Fighter began the quest for the Orb.
     0 | D:1      | Reached XP level 1. HP: 22/22 MP: 0/0
   260 | D:1      | Reached XP level 2. HP: 29/29 MP: 1/1
   608 | D:2      | Found a shimmering blue altar of Sif Muna.
   683 | D:2      | Found a faded altar of an unknown god.
   869 | D:2      | Reached XP level 3. HP: 36/36 MP: 2/2
  1189 | D:3      | Reached XP level 4. HP: 37/44 MP: 3/3
  1426 | D:3      | Found a snail-covered altar of Cheibriados.
  1439 | D:3      | Found a shimmering altar of Xom.
  1476 | D:3      | Found a stormy altar of Qazlal.
  1591 | D:3      | Found Ycwot's Book Shoppe.
  1912 | D:4      | Reached XP level 5. HP: 52/52 MP: 4/4
  1985 | D:4      | Noticed Eustachio
  2078 | D:4      | Slain by Eustachio

Illustrated notes

Levels and vault maps discovered:
D:1:      lemuel_arrival_tunnels, layout_basic, chequers_hall_statues_corner_a
D:2:      layout_rooms, basic_altar, shapermc_ecumenical_altar_totnotflames,
          serial_bayou_lake_a
D:3:      layout_basic, nicolae_qazlal_eye_of_the_storm,
          mainiacjoe_overflow_large_starburst, serial_shops, shop,
          chequers_serial_rivers_micro_b
D:4:      layout_rooms, minivault_24, uniq_eustachio

Skill      XL: |  1  2  3  4 |
---------------+-------------+-----
Maces & Flails | 2 3 |  3.2
Shields        | 3 |  3.3
Dodging        | 3 |  3.0
Fighting       | |  2.9
Stealth        | |  0.2

Action                     |  1- 3 |  4- 6 || total
---------------------------+-------+-------++-------
  Melee: Flail             |   122 |   142 ||   264
    Use: Scroll            |     1 |       ||     1
         Potion            |       |     3 ||     3
   Stab: Sleeping          |     1 |       ||     1
 Armour: Robe              |    48 |    37 ||    85
  Dodge: Dodged            |    53 |    66 ||   119
  Block: Kite shield       |    55 |    67 ||   122

Table legend: (Time is in decaauts)
 A = Elapsed time spent in this place.
 B = Non-inter-level travel time spent in this place.
 C = Inter-level travel time spent in this place.
 D = Time resting spent in this place.
 E = Time spent auto-exploring this place.
 F = Levels seen in this place.
 G = Mean time per level.
                   A        B        C        D        E       F      G
               +--------+--------+--------+--------+--------+-----+--------+
         Total |   2160 |   2160 |      0 |      0 |    812 |   4 |  540.0 |
       Dungeon |   2160 |   2160 |      0 |      0 |    812 |   4 |  540.0 |
               +--------+--------+--------+--------+--------+-----+--------+

Top non-repeatable levels by time:
     D:3: 667 daAuts
     D:1: 619 daAuts
     D:2: 488 daAuts
     D:4: 385 daAuts
